 Dungeon Crawl Stone Soup version 0.31-a0-841-g038b102fc3 (webtiles) character file.

Game seed: 8642463645450084247

78457 scionoferis the Brawler (level 15, -2/135 HPs)
             Began as a Hill Orc Monk on Sept 27, 2023.
             Was the Champion of Beogh.
             Slain by a cacodemon (13 damage)
             ... on level 3 of the Abyss.
             The game lasted 01:51:37 (25806 turns).

scionoferis the Brawler (Hill Orc Monk)            Turns: 25806, Time: 01:51:38

Health: -2/135     AC: 24    Str: 22    XL:     15   Next: 60%
Magic:  26/26      EV:  8    Int: 10    God:    Beogh [******]
Gold:   2050       SH: 22    Dex: 13    Spells: 14/14 levels left

rFire   + .          .
                       - Unarmed
rCold   + . .        S - +5 Storm Queen's Shield {shock, Fly rElec}
rNeg    . . .        v - +4 plate armour {rF+}
rPois   .            o - +2 helmet
rElec   +            V - +0 cloak
rCorr   .            (no gloves)
SInv    .            y - +0 pair of boots
Will    ++...        B - amulet of reflection Stlth
                     D - ring of protection from cold
HPRegen 0.42/turn    Q - ring of willpower
MPRegen 0.20/turn

%: reflection
@: about to teleport, flying, hasted, studying 2 skills, very quick
A: walk on water
a: Renounce Religion, Smiting, Recall Orcish Followers, Give Item to Named
Follower, Resurrection


You were on level 3 of the Abyss.
You worshipped Beogh.
Beogh was exalted by your worship.
You visited 3 branches of the dungeon, and saw 20 of its levels.
You visited the Abyss 1 time.
You also visited: Sewer, Bailey, Ice Cave and Volcano.

You collected 2895 gold pieces.
You spent 845 gold pieces at shops.


   Skills:
 + Level 13.0 Fighting
 + Level 9.1 Armour
 + Level 7.5 Dodging
 + Level 12.6 Shields
 + Level 17.7 Unarmed Combat
 + Level 15.8 Invocations
 - Level 6.0 Evocations


You had 14 spell levels left.
You didn't know any spells.
Your spell library contained the following spells:

 Spells                   Type           Power      Damage    Failure   Level
 Apportation              Tloc           0%         N/A       100%        1
 Foxfire                  Conj/Fire      0%         2x1d4     100%        1
 Summon Small Mammal      Summ           0%         N/A       100%        1
 Ensorcelled Hibernation  Hex/Ice        0%         N/A       100%        2
 Jinxbite                 Hex            0%         N/A       100%        2
 Call Canine Familiar     Summ           0%         N/A       100%        3
 Frozen Ramparts          Ice            0%         1d1       100%        3
 Gell's Gravitas          Tloc           0%         N/A       100%        3
 Hailstorm                Conj/Ice       0%         3d3       100%        3
 Inner Flame              Hex/Fire       0%         N/A       100%        3
 Mephitic Cloud           Conj/Pois/Air  0%         N/A       100%        3
 Ozocubu's Armour         Ice            0%         N/A       100%        3
 Summon Guardian Golem    Hex/Summ       0%         N/A       100%        3
 Teleport Other           Tloc           0%         N/A       100%        3
 Anguish                  Hex/Necr       0%         N/A       100%        4
 Flame Wave               Conj/Fire      0%         2d4       100%        4
 Sticky Flame             Conj/Fire      0%         2d3       100%        4
 Vhi's Electric Charge    Tloc/Air       0%         N/A       100%        4
 Alistair's Intoxication  Tmut/Pois      0%         N/A       100%        5
 Arcjolt                  Conj/Air       0%         1d10      100%        5
 Metabolic Englaciation   Hex/Ice        0%         N/A       100%        5
 Summon Forest            Summ/Tloc      0%         N/A       100%        5
 Summon Mana Viper        Hex/Summ       0%         N/A       100%        5
 Dispersal                Tloc           0%         N/A       100%        6
 Plasma Beam              Fire/Air       0%         2x1d10    100%        6
 Simulacrum               Ice/Necr       0%         N/A       100%        6
 Starburst                Conj/Fire      0%         6d3       100%        6
 Summon Cactus Giant      Summ           0%         N/A       100%        6

Inventory:

Missiles
 h - 4 boomerangs
 q - 7 curare-tipped darts (quivered)
 r - 39 poisoned darts
Armour
 c - a +2 chain mail of cold resistance
   (You found it in an ice cave)
 n - +0 fire dragon scales
   (You found it in a volcano)
 o - a +2 helmet (worn)
   (You took it off Robin on level 2 of the Dungeon)
 v - a +4 plate armour of fire resistance (worn)
   (You found it in a volcano)
 y - a +0 pair of boots (worn)
   (You found it in an ice cave)
 L - a +0 scale mail of poison resistance
   (You found it on level 8 of the Dungeon)
 S - the +5 Storm Queen's Shield (worn) {shock, Fly rElec}
   (You found it on level 9 of the Dungeon)

   Shock:     When it blocks an attack, it may electrocute the attacker.
   This works even against foes who are a short distance away.
   rElec:     It insulates you from electricity.
   Fly:       It grants you flight.
 V - a +0 cloak (worn)
   (You found it on level 10 of the Dungeon)
Jewellery
 B - an amulet of reflection (around neck)
   (You found it on level 5 of the Dungeon)
 D - a ring of protection from cold (left hand)
   (You found it on level 6 of the Dungeon)
 E - a ring of protection from fire
   (You found it on level 6 of the Dungeon)
 Q - a ring of willpower (right hand)
   (You bought it in a shop on level 8 of the Dungeon)
 Z - the ring "Ozxar" {rF- rC++ Will+}
   (You found it on level 5 of the Lair of Beasts)

   [ring of willpower]

   rF-:       It makes you vulnerable to fire.
   rC++:      It greatly protects you from cold.
   Will+:     It increases your willpower.
Wands
 m - a wand of flame (16)
   (You took it off Jessica on level 2 of the Dungeon)
 z - a wand of roots (26)
   (You found it on level 4 of the Dungeon)
 P - a wand of digging (4)
   (You found it on level 5 of the Lair of Beasts)
 W - a wand of quicksilver (8)
   (You found it on level 11 of the Dungeon)
Scrolls
 d - 2 scrolls of summoning {unknown}
 e - 4 scrolls of fog
 f - 8 scrolls of teleportation
 i - 2 scrolls of noise {unknown}
 j - a scroll of amnesia {unknown}
 p - 2 scrolls of revelation
 u - 2 scrolls of silence {unknown}
 x - 3 scrolls of acquirement
 F - 3 scrolls of blinking
 G - 4 scrolls of fear
 M - a scroll of vulnerability {unknown}
 O - a scroll of torment {unknown}
Potions
 b - 2 potions of ambrosia
 k - 3 potions of mutation
 s - 2 potions of enlightenment
 A - 5 potions of curing
 C - a potion of berserk rage
 H - 3 potions of invisibility
 I - 6 potions of haste
 K - 7 potions of might
 N - a potion of cancellation {unknown}
 X - 3 potions of resistance
Miscellaneous
 a - a phial of floods
   (You found it in an ice cave)

Dungeon Overview and Level Annotations

Branches:
Dungeon (13/15)            Temple (0/1) D:4            Lair (5/5) D:8
  Swamp (0/4) Lair:3        Snake (0/4) Lair:3        Slime (0/5) Lair:5
    Orc (2/2) D:12            Elf (0/3) Orc:2         Sewer (visited)
 Bailey (visited)           IceCv (visited)         Volcano (visited)
 Vaults: D:13-14

Altars:
Ashenzari
Dithmenos
Fedhas
Hepliaklqana
Makhleb
Okawaru
Sif Muna
Uskayaw
Wu Jian
Yredelemnul
The Shining One

Shops:
D:6 :   D:8 =   Orc:1 (: Orc:2

*!!:* Xx
⌠. #+#X.##
#G #..#
zG#.⌠J .
## #.Xx
...
Xx§..##
....
###2X§ .#G
... .x2@1#
φ ....
###2x§..#G
...


XX§ .## # ####.xX Gz~#X J #G##x# #+#..# ...⌠.# You could see 3 cacodemons, an
Executioner (fast), 4 large abominations and 3 small abominations.


Message History

There is a staircase to the Orcish Mines here.
There is a stone staircase leading up here.
You fly upwards.
There is a stone staircase leading down here.
There is a stone staircase leading up here.
You fly upwards.
There is a stone staircase leading down here.
You swap places.
There is a stone staircase leading up here.
You fly upwards.
There is a stone staircase leading down here.
You swap places.
You see here a +0 falchion.
There is a stone staircase leading up here.
You fly upwards.
There is a stone staircase leading down here.
You swap places.
You see here an amulet of reflection.
Things that are here:
a +1 whip; a +0 scale mail; a +0 whip
Things that are here:
a +0 leather armour; a +1 hand axe of flaming
Things that are here:
a +0 club; a +0 shortbow You see here a +0 orcbow.
U - 9 boomerangs (gained 3)
You see here a +2 whip of draining.
U - 12 boomerangs (gained 3)
You see here a +0 whip.
Y - a +0 whip You drop a +0 whip.
Search for what [Enter for "throw", or ? for help]?
Things that are here:
a +0 chain mail; a +0 short sword
Things that are here:
a +1 robe of fire resistance; a +0 long sword You see here a +0 morningstar.
Items here: )) [[.
Items here: !! " % (( ) / = ???? [[[ |.
Okay, then.
You drop 12 boomerangs.
Search for what [Enter for "throw", or ? for help]?
Okay, then.
You start removing your armour.
You continue taking off your +4 plate armour of fire resistance. x4
You finish taking off your +4 plate armour of fire resistance.
You feel less resistant to fire.
You start putting on your armour.
You continue putting on your +0 fire dragon scales. x5
You finish putting on your +0 fire dragon scales.
You start removing your armour.
You continue taking off your +0 fire dragon scales. x4
You finish taking off your +0 fire dragon scales.
You start putting on your armour.
You continue putting on your +0 plate armour of fire resistance. x5
You finish putting on your +0 plate armour of fire resistance.
You feel resistant to fire.
Okay, then.
You drop a +1 leather armour of willpower.
You start removing your armour.
You continue taking off your +0 plate armour of fire resistance. x4
You finish taking off your +0 plate armour of fire resistance.
You feel less resistant to fire.
You drop a +0 plate armour of fire resistance.
Unknown command.
You start putting on your armour.
You continue putting on your +4 plate armour of fire resistance. x4
You finish putting on your +4 plate armour of fire resistance.
You feel resistant to fire.
Unknown command.
You drop a ring of fire.
Search for what [Enter for "throw", or ? for help]? ring Unknown command.
You drop 3 potions of lignification.
You drop 2 scrolls of poison.
Unknown command.
As you read the scroll of identify, it crumbles to dust.
t - 2 potions of degeneration You drop 2 potions of degeneration.
You see here a manual of Invocations.
Something appears at your feet!
You pick up a manual of Invocations and begin studying.
You swap places.
You see here 2 potions of degeneration.
You swap places.
You swap places.
Items here: !!! " % (( ) / == ???? [[[[[ |.
There is a staircase to the Lair here.
What level of the Dungeon? (default 8, ? - help)
Items here: )) [[.
Things that are here:
a +0 robe; a +3 battleaxe
Things that are here:
a +0 robe; a +0 dire flail You see here a +1 hat.
You see here a +0 shortbow.
You see here a ring of fire.
There is a stone staircase leading down here.
You fly downwards.
There is a stone staircase leading up here.
You swap places.
There is a stone staircase leading down here.
You fly downwards.
There is a stone staircase leading up here.
There is a stone staircase leading down here.
You fly downwards.
There is a stone staircase leading up here.
There is a stone staircase leading down here.
You fly downwards.
There is a stone staircase leading up here.
You begin recalling your allies.
Bogdan is recalled.
Ugbert is recalled.
Your orc sorcerer is recalled.
Your orc knight is recalled.
Your orc wizard is recalled.
Your orc warrior is recalled.
Your orc warrior is recalled.
Your orc priest is recalled.
Your orc warrior is recalled.
Your orc wizard is recalled.
Your orc wizard is recalled.
Your orc is recalled. x2
You finish recalling your allies.
What are your orders? t - Shout!
Orders for allies: a - Attack new target. r - Retreat! s - Stop attacking. g - Guard the area. f - Follow me.
Anything else - Cancel.
Guard this area!
You fly upwards.
There is a stone staircase leading down here.
You begin recalling your allies.
Bogdan is recalled.
Ugbert is recalled.
Your orc knight is recalled.
Your orc wizard is recalled.
Your orc priest is recalled.
Your orc warrior is recalled.
Your orc warrior is recalled.
Your orc wizard is recalled.
Boldo is recalled.
Your orc sorcerer is recalled.
You stop recalling your allies.
What are your orders? t - Shout!
Orders for allies: a - Attack new target. r - Retreat! s - Stop attacking. g - Guard the area. f - Follow me.
Anything else - Cancel.
Guard this area!
You fly downwards.
There is a stone staircase leading up here.
What are your orders? t - Shout!
Orders for allies: a - Attack new target. r - Retreat! s - Stop attacking. g - Guard the area. f - Follow me.
Anything else - Cancel.
Follow me!
You swap places.
There is a stone staircase leading down here.
You swap places.
You swap places.
There is a stone staircase leading down here.
Unknown command.
Unknown command.
What are your orders? t - Shout!
Orders for allies: a - Attack new target. r - Retreat! s - Stop attacking. g - Guard the area. f - Follow me.
Anything else - Cancel.
Guard this area!
You fly downwards.
The purple ugly thing gurgles horribly!
Found 16 gold pieces.
There is a stone staircase leading up here.
You block the purple ugly thing's attack.
Your shield discharges, shocking the purple ugly thing!
You fly upwards.
Your orc wizard gestures at the purple ugly thing while chanting.
The purple ugly thing easily resists.
Your orc warrior barely misses the purple ugly thing.
Your orc wizard hits the purple ugly thing with a +2 dagger of electrocution.
Lightning courses through the purple ugly thing!
Your orc warrior hits the purple ugly thing with a +0 scimitar!
There is a stone staircase leading down here.
You pummel the purple ugly thing!!
You kill the purple ugly thing!
Beogh accepts your kill.
Your orc looks more experienced. x2
Unknown command.
You fly downwards.
There is a stone staircase leading up here.
You now have 2017 gold pieces (gained 16).
There is a stone staircase leading up here.
You reach down and open the door.
Found a stone staircase leading down.
There is an open door here.
There is a stone staircase leading up here.
You fly upwards.
There is a stone staircase leading down here.
What are your orders? t - Shout!
Orders for allies: a - Attack new target. r - Retreat! s - Stop attacking. g - Guard the area. f - Follow me.
Anything else - Cancel.
Follow me!
You swap places.
There is a stone staircase leading down here.
What are your orders? t - Shout!
Orders for allies: a - Attack new target. r - Retreat! s - Stop attacking. g - Guard the area. f - Follow me.
Anything else - Cancel.
Guard this area!
You fly downwards.
The meliai buzzes angrily. x3
The meliai calls down the wrath of its god upon you.
Something smites you!
Found a wand of roots (4) and a potion of heal wounds.
There is a stone staircase leading up here.
The meliai invokes the aid of its god against you.
Something smites you!
The meliai mumbles some strange prayers to its god against you.
Something smites you! You block the meliai's attack.
The meliai stings you but does no damage.
The meliai calls down the wrath of its god upon you.
Something smites you! The meliai barely misses you.
You block the meliai's attack.
Your shield discharges, shocking the meliai!
The meliai hits you but does no damage. You block the meliai's attack.
Your shield discharges, shocking the meliai!
You block the meliai's attack.
Your shield discharges, shocking the meliai!
You kill the meliai!
Beogh accepts your kill.
Beogh appreciates your killing of a heretic priest.
The meliai mumbles some strange prayers to its god against you.
Something smites you!
You fly upwards.
Your orc wizard casts a spell at the meliai.
The puff of flame hits the meliai!
Your orc warrior barely misses the meliai.
Your orc warrior hits the meliai with a +0 falchion!
The meliai dies!
Beogh accepts your kill.
Beogh appreciates your killing of a heretic priest.
Your orc warrior looks more experienced.
There is a stone staircase leading down here.
You start resting.
Unknown command.
You start resting.
HP restored.
What are your orders? t - Shout!
Orders for allies: a - Attack new target. r - Retreat! s - Stop attacking. g - Guard the area. f - Follow me.
Anything else - Cancel.
Follow me!
What are your orders? t - Shout!
Orders for allies: a - Attack new target. r - Retreat! s - Stop attacking. g - Guard the area. f - Follow me.
Anything else - Cancel.
Guard this area!
You fly downwards.
There is a stone staircase leading up here.
The meliai calls down the wrath of its god upon you.
Something smites you! You block the meliai's attack.
Your shield discharges, shocking the meliai!
You block the meliai's attack. You block the meliai's attack.
The meliai stings you but does no damage.
You block the meliai's attack.
The meliai stings you but does no damage.
You fly upwards.
Your orc wizard hits the meliai but does no damage.
Your orc warrior closely misses the meliai.
Your orc wizard hits the meliai with a +2 dagger of electrocution.
Your orc warrior closely misses the meliai.
There is a stone staircase leading down here.
You closely miss the meliai.
The meliai is severely wounded.
The meliai hits you but does no damage.
The meliai hits your orc with a +0 hand axe.
The meliai hits your orc warrior with a +0 hand axe.
The meliai hits your orc wizard with a +0 hand axe.
The meliai completely misses you.
Your orc wizard hits the meliai with a +2 dagger of electrocution.
The meliai closely misses your orc wizard.
The meliai hits you with a +0 hand axe.
The meliai hits your orc with a +0 hand axe.
The meliai hits your orc warrior with a +0 hand axe!
The meliai closely misses your orc wizard.
Your orc warrior barely misses the meliai.
You catch the helpless meliai completely off-guard!
You punch the meliai!
You kill the meliai!
Beogh accepts your kill.
Beogh appreciates your killing of a heretic priest.
Your orc warrior looks more experienced.
Your orc wizard looks more experienced.
You start resting.
HP restored.
What are your orders? t - Shout!
Orders for allies: a - Attack new target. r - Retreat! s - Stop attacking. g - Guard the area. f - Follow me.
Anything else - Cancel.
Follow me!
What are your orders? t - Shout!
Orders for allies: a - Attack new target. r - Retreat! s - Stop attacking. g - Guard the area. f - Follow me.
Anything else - Cancel.
Guard this area!
You fly downwards.
There is a stone staircase leading up here.
Things that are here:
a +0 robe; a +0 hand axe
z - a wand of roots (26) (gained 4 charges)
g - 5 potions of heal wounds (gained 1)
A tengu warrior comes into view. It is wielding a +0 dire flail.
The tengu warrior shouts!
There is a stone staircase leading up here.
You block the tengu warrior's attack. x2
Your shield discharges, shocking the tengu warrior!
You block the tengu warrior's attack. You block the tengu warrior's attack.
Your shield discharges, shocking the tengu warrior!
You block the tengu warrior's attack.
Your shield discharges, shocking the tengu warrior!
The tengu warrior completely misses you.
You fly upwards.
Your orc warrior hits the tengu warrior with a +0 scimitar! x2
There is a stone staircase leading down here.
You punch the tengu warrior!
You kill the tengu warrior!
Beogh accepts your kill.
Your orc looks more experienced.
Your orc warrior looks more experienced.
Unknown command.
You fly downwards.
There is a stone staircase leading up here.
Found a potion of resistance.
X - 3 potions of resistance (gained 1)
You reach down and open the door.
There is an open door here.
There is an open door here.
You reach down and open the door.
A vampire mosquito comes into view.
The vampire mosquito buzzes angrily.
There is an open door here.
You block the vampire mosquito's attack.
There is a stone staircase leading up here.
You block the vampire mosquito's attack. x2
You fly upwards.
Your orc hits the vampire mosquito with a +0 short sword.
Your orc warrior hits the vampire mosquito with a +0 falchion!
There is a stone staircase leading down here.
Unknown command.
You barely miss the vampire mosquito.
The vampire mosquito is severely damaged.
You block the vampire mosquito's attack.
Your shield discharges, shocking the vampire mosquito!
You destroy the vampire mosquito!
Beogh accepts your kill.
Your orc warrior looks more experienced.
Your orc looks more experienced.
Welcome back, scionoferis the Hill Orc Monk.
Beogh says: Drown the unbelievers in a sea of blood!
Press ? for a list of commands and other information.
What are your orders? t - Shout!
Orders for allies: a - Attack new target. r - Retreat! s - Stop attacking. g - Guard the area. f - Follow me.
Anything else - Cancel.
Guard this area!
You fly downwards.
There is a stone staircase leading up here.
You fly upwards.
There is a stone staircase leading down here.
What are your orders? t - Shout!
Orders for allies: a - Attack new target. r - Retreat! s - Stop attacking. g - Guard the area. f - Follow me.
Anything else - Cancel.
Follow me!
You fly downwards.
There is a stone staircase leading up here.
You swap places.
A vampire mosquito comes into view.
You swap places.
You swap places.
The vampire mosquito barely misses you.
You block the vampire mosquito's attack.
Your shield discharges, shocking the vampire mosquito!
You miss the vampire mosquito.
The vampire mosquito is heavily damaged.
The vampire mosquito bites you but does no damage.
You barely miss the vampire mosquito.
The vampire mosquito is moderately damaged.
You block the vampire mosquito's attack.
Your orc wizard barely misses the vampire mosquito.
Your orc warrior closely misses the vampire mosquito.
You block the vampire mosquito's attack.
You pummel the vampire mosquito!!
You destroy the vampire mosquito!
Beogh accepts your kill.
You see here a vampire mosquito corpse.
You swap places.
A centaur warrior comes into view.
Found 16 gold pieces.
The centaur warrior shouts!
The centaur warrior wields a +0 orcbow.
The centaur warrior shoots an arrow.
The arrow closely misses you.
Found a stone staircase leading up.
The centaur warrior shoots an arrow.
You block the arrow with an invisible shield... and reflect it back!
The arrow hits the centaur warrior!
The centaur warrior shoots an arrow.
You block the arrow with an invisible shield... and reflect it back!
The arrow hits the centaur warrior!
The centaur warrior shoots an arrow.
You block the arrow with an invisible shield... and reflect it back!
The arrow hits the centaur warrior!!
The centaur warrior shoots an arrow.
The arrow hits you.
The centaur warrior shoots an arrow.
You block the arrow with an invisible shield... and reflect it back!
The arrow barely misses the centaur warrior.
Your shield discharges, shocking the centaur warrior!
The centaur warrior unwields a +0 orcbow.
You block the centaur warrior's attack.
Your shield discharges, shocking the centaur warrior!
You kill the centaur warrior!
Beogh accepts your kill.
Your orc looks more experienced.
Your orc warrior looks more experienced.
Your orc wizard looks more experienced.
You see here a +0 orcbow.
You now have 2033 gold pieces (gained 16).
You swap places.
You swap places.
Found a robe.
You swap places.
You swap places.
You swap places.
You swap places.
You swap places.
There is an open door here.
You swap places.
You swap places.
You swap places.
There is an open door here.
Found an escape hatch in the ceiling.
Found a stone staircase leading down.
You reach down and open the door.
There is an open door here.
You reach down and open the door.
There is an open door here.
You swap places.
You swap places.
You swap places.
There is an open door here.
There is an open door here.
You reach down and open the door.
There is an open door here.
You swap places.
You swap places.
You swap places.
You swap places.
There is an open door here.
Press: ? - help, v - describe, . - travel
Here: an orc warrior, wielding a +0 dagger and wearing a +0 scale mail (friendly)
The floor.
Unknown command.
Found 4 boomerangs.
You see here 4 boomerangs.
h - 4 boomerangs You swap places.
You swap places.
As you open the door, it creaks loudly!
There is an open door here.
Found a scroll of teleportation.
f - 9 scrolls of teleportation (gained 1)
There is an open door here.
A human and a wraith come into view.
The human shouts!
You hear a shout! x3
A human comes into view. x3
The human shouts! x2; You hear a shout!
Unknown command.
What are your orders? t - Shout!
Orders for allies: a - Attack new target. r - Retreat! s - Stop attacking. g - Guard the area. f - Follow me.
Anything else - Cancel.
Retreat in which direction?
Press: ? - help, Dir - move target Fall back!
You hear a shout! x2
A human comes into view. x2
The human shouts!
You hear a shout!
A human comes into view.
A necromancer comes into view. It is wielding a +2 dagger of venom.
You closely miss the human.
The necromancer shouts!
You hear a shout! x2
A human comes into view.
You block the human's attack.
A human comes into view.
You closely miss the human.
The human shouts!
You hear a shout!
A human comes into view.
You block the human's attack.
Your shield discharges, shocking the human!
The human attacks as it pursues you! The human hits you but does no damage.
You completely miss the human. You block the human's attack.
Your shield discharges, shocking the human!
The human attacks as it pursues you! You block the human's attack.
Your shield discharges, shocking the human!
You miss the human.
The human is almost dead.
What are your orders? t - Shout!
Orders for allies: a - Attack new target. r - Retreat! s - Stop attacking. g - Guard the area. f - Follow me.
Anything else - Cancel.
Follow me!
You block the human's attack.
Your shield discharges, shocking the human!
You kill the human!
Beogh accepts your kill. The wraith hits you. The wraith drains your vigour!
You feel yourself slow down.
You punch the wraith!
The wraith is moderately damaged.
You block the wraith's attack.
You pummel the wraith!!
You destroy the wraith!
Beogh accepts your kill.
You can now revive fallen orcs.
Your orc looks more experienced.
Your Armour skill increases to level 9!
You punch the necromancer!
The necromancer is moderately wounded.
You block the necromancer's attack.
You pummel the necromancer!!
The necromancer is almost dead.
The necromancer casts a spell at you.
You easily resist.
You punch the necromancer!
You kill the necromancer!
Beogh accepts your kill.
You pummel the human!!
The human is severely wounded.
You block the human's attack.
Your shield discharges, shocking the human!
A human comes into view.
You closely miss the human.
The human is almost dead.
You block the human's attack.
Your shield discharges, shocking the human!
You kill the human!
Beogh accepts your kill.
Your orc warrior looks more experienced. x3
You punch the human!
The human is moderately wounded.
You feel yourself speed up. You block the human's attack.
You completely miss the human.
The human is moderately wounded.
Your orc wizard gestures wildly while chanting.
Your orc wizard flickers and vanishes for a moment.
You block the human's attack.
Your shield discharges, shocking the human!
You punch the human!
You kill the human!
Beogh accepts your kill.
Your orc warrior looks more experienced.
You miss the human. You block the human's attack.
Your shield discharges, shocking the human!
You hit the human.
The human is moderately wounded.
You closely miss the human.
The human is moderately wounded.
The human hits you but does no damage.
You closely miss the human.
The human is moderately wounded.
The human hits you.
You punch the human!
The human is severely wounded.
You block the human's attack.
You pummel the human!!
You kill the human!
Beogh accepts your kill.
You swing at nothing.
You hit the human.
The human is moderately wounded.
You block the human's attack.
You punch the human!
The human is heavily wounded.
You barely miss the human.
The human is heavily wounded.
You block the human's attack.
Your shield discharges, shocking the human!
You pummel the human!!
You kill the human!
Beogh accepts your kill.
Your orc wizard looks more experienced.
You pummel the human!!
The human is severely wounded.
The human hits you but does no damage.
You hit the human.
The human is almost dead.
You hit the human.
The human is almost dead.
The human hits you but does no damage.
You pummel the human!!
You kill the human!
Beogh accepts your kill.
You hit the human but do no damage.
A yaktaur comes into view.
You block the human's attack.
You closely miss the human. You hit the human.
The human is lightly wounded.
You block the human's attack.
You pummel the human!!
The human is almost dead.
You block the human's attack.
Your shield discharges, shocking the human!
You kill the human!
Beogh accepts your kill.
You pummel the human!!
The human is severely wounded.
The human hits you.
You punch the human!
The human is almost dead.
You punch the human!
You kill the human!
Beogh accepts your kill.
You barely miss the human. The human hits you but does no damage.
You miss the human. The human hits you but does no damage.
You hit the human.
The human is lightly wounded.
You hit the human.
The human is moderately wounded.
You block the human's attack.
You barely miss the human.
The human is moderately wounded.
The human hits you but does no damage.
You punch the human!
The human is severely wounded.
The human barely misses you.
You punch the human!
The human is almost dead.
You punch the human!
You kill the human!
Beogh accepts your kill.
The yaktaur wields a +2 arbalest of flaming.
It bursts into flame!
The yaktaur shoots a bolt.
You block the bolt with an invisible shield... and reflect it back!
The bolt hits the yaktaur!!
The bolt burns the yaktaur.
You closely miss the human. You block the human's attack.
You completely miss the human. You pummel the human!!
The human is heavily wounded.
You block the human's attack.
Your shield discharges, shocking the human!
You kill the human!
Beogh accepts your kill.
The yaktaur shoots a bolt.
You block the bolt with an invisible shield... and reflect it back!
The bolt hits the yaktaur!!
The bolt burns the yaktaur.
You kill the yaktaur!
Beogh accepts your kill.
Your orc warrior looks more experienced.
Your Fighting skill increases to level 13!
You barely miss the human. The human barely misses you.
You punch the human!
The human is heavily wounded.
The human hits you but does no damage.
You closely miss the human.
The human is heavily wounded.
You hit the human.
The human is severely wounded.
You block the human's attack.
You hit the human.
The human is severely wounded.
You block the human's attack.
Your shield discharges, shocking the human!
You kill the human!
Beogh accepts your kill.
You now have 2050 gold pieces (gained 17).
Items here: ) [ ††††††††.
Okay, then.
Things that are here:
a +2 arbalest of flaming; a yaktaur corpse A human comes into view.
It is wielding a +0 spear.
The human shouts!
A human, a wizard and a vault guard come into view.
The vault guard is wielding a +1 glaive of freezing.
The human shouts!
The wizard shouts!
The vault guard shouts!
You hear a shout!
What are your orders? t - Shout!
Orders for allies: a - Attack new target. r - Retreat! s - Stop attacking. g - Guard the area. f - Follow me.
Anything else - Cancel.
Retreat in which direction?
Press: ? - help, Dir - move target Fall back!
The human throws a stone.
The stone barely misses you.
The stone hits your orc warrior but does no damage.
A human comes into view.
The human throws a stone.
You block the stone with an invisible shield... and reflect it back!
The stone hits the human.
The human throws a stone.
You block the stone with an invisible shield... and reflect it back!
The stone closely misses the human.
The vault guard attacks as it pursues you!
You block the vault guard's attack. You block the vault guard's attack.
The vault guard attacks as it pursues you!
You block the vault guard's attack.
Items here: ) [ ††††††††.
You hit the human.
The human is lightly wounded.
You block the human's attack.
Items here: ) [ ††††††††.
You punch the vault guard!
The vault guard is lightly wounded.
You block the vault guard's attack.
You punch the vault guard!
The vault guard is heavily wounded.
The vault guard hits you with a +1 glaive of freezing!
The vault guard freezes you.
You hit the vault guard but do no damage.
The vault guard is heavily wounded.
The human hits you but does no damage.
The wizard casts a spell.
The wizard flickers and vanishes!
Deactivating autopickup; reactivate with Ctrl-A.
The vault guard hits you with a +1 glaive of freezing!
The vault guard freezes you.
You hit the vault guard but do no damage.
The vault guard is heavily wounded.
You block the human's attack.
Your shield discharges, shocking the human!
The vault guard hits you with a +1 glaive of freezing!
The vault guard freezes you.
You hit the vault guard.
The vault guard is heavily wounded.
You block the human's attack.
You hit the vault guard.
The vault guard is heavily wounded.
You block the vault guard's attack.
Your shield discharges, shocking the vault guard!
You punch the vault guard!
The vault guard is severely wounded.
You block the human's attack.
Your shield discharges, shocking the human!
You hear some strange, mumbled words.
You block the vault guard's attack.
You hit the vault guard but do no damage.
The vault guard is severely wounded.
You block the human's attack.
The vault guard hits you with a +1 glaive of freezing!!
The vault guard freezes you.
You hit the vault guard but do no damage.
The vault guard is severely wounded.
You block the human's attack.
You hit the vault guard but do no damage.
The vault guard is severely wounded.
You block the human's attack. You block the vault guard's attack.
Your shield discharges, shocking the vault guard!
You punch the vault guard!
You kill the vault guard!
Beogh accepts your kill. You block the human's attack.
The human throws a stone.
You block the stone with an invisible shield... and reflect it back!
The stone hits the human but does no damage.
You pummel the human!!
You kill the human!
Beogh accepts your kill.
You punch the human!
The human is moderately wounded.
You hit the human but do no damage.
The human is moderately wounded.
You block the human's attack.
Your orc wizard mumbles some strange words.
Your orc wizard flickers and vanishes for a moment.
You punch the human!
The human is severely wounded.
You block the human's attack.
You hit the human but do no damage.
The human is severely wounded.
You block the human's attack.
You pummel the human!!
You kill the human!
Beogh accepts your kill. Something hits you but does no damage.
The human hits you but does no damage.
Items here: ) [ †††††††††.
You miss something. Something hits you but does no damage.
You block the human's attack.
Your shield discharges, shocking the human!
You miss something. Something hits you but does no damage.
You block the human's attack.
You pummel something!! You block something's attack.
You block the human's attack.
You punch something!
You hear some strange, mumbled words.
You hit the human but do no damage.
The human is heavily wounded.
The human hits you with a +0 spear.
You closely miss the human.
The human is heavily wounded.
Something tries to affect you, but you resist.
You block the human's attack.
Your shield discharges, shocking the human!
You closely miss the human.
The human is severely wounded.
You are cast into the Abyss!
This branch contains the abyssal rune of Zot.
The abyssal matter surrounding you shimmers strangely.
You detect the abyssal rune! 3 cacodemons, 6 floating eyes, 2 titanic slime creatures, 2 glowing orange brains and 14 small abominations come into view.
Reactivating autopickup.
Found four runelights.
As you read the scroll of teleportation, it crumbles to dust.
You feel strangely unstable.
You feel the power of the Abyss delaying your translocation!
The glowing orange brain turns its attention towards you.
The shining eye turns its gaze towards you.
The golden eye turns its gaze towards you.
The titanic slime creature quivers.
The cacodemon shouts!
The golden eye turns its gaze towards you.
The cacodemon shouts!
The floating eye turns its gaze towards you.
The cacodemon shouts!
The shining eye turns its gaze towards you.
The flying skull gives a hideous shriek!
The titanic slime creature quivers.
The glowing orange brain turns its attention towards you.
Unknown command.
Unknown command.
Unknown command.
As you read the scroll of fog, it dissolves into smoke.
You block the cacodemon's attack.
Your shield discharges, shocking the cacodemon!
The cacodemon resists.
The cacodemon hits you but does no damage.
Unknown command.
Unknown command.
Unknown command.
You hit the cacodemon but do no damage.
An Executioner comes into view.
Unknown command.
You closely miss the cacodemon. The cacodemon closely misses you.
The cacodemon hits you! You block the cacodemon's attack.
Your shield discharges, shocking the cacodemon!
The cacodemon resists.
The cacodemon hits you but does no damage.
The cacodemon hits you. The cacodemon hits you!
Unknown command.
You closely miss the cacodemon.
The Executioner gestures.
The Executioner seems to speed up.
The cacodemon gestures at you. You resist with almost no effort.
You block the cacodemon's attack. The cacodemon hits you!
You block the cacodemon's attack.
The cacodemon hits you but does no damage.
Okay, then.
You hit the cacodemon but do no damage. You block the Executioner's attack.
Your shield discharges, shocking the Executioner!
The Executioner resists.
The Executioner barely misses you. You block the Executioner's attack.
The Executioner hits you. You block the Executioner's attack.
The Executioner hits you.
The cacodemon hits you but does no damage.
The cacodemon hits you.
A large abomination comes into view.
The cacodemon barely misses you.
The cacodemon hits you but does no damage.
The cacodemon hits you. x2
You punch the cacodemon!
The cacodemon is lightly wounded.
The Executioner hits you but does no damage.
You block the Executioner's attack. x2
Your shield discharges, shocking the Executioner!
The Executioner resists.
You block the Executioner's attack.
Your shield discharges, shocking the Executioner!
The Executioner resists.
The Executioner hits you. You block the Executioner's attack.
A small abomination comes into view.
You feel much better. You block the Executioner's attack. x2
The Executioner closely misses you. You block the Executioner's attack.
The Executioner hits you.
The Executioner hits you but does no damage.
A small abomination comes into view.
The Executioner hits you. The Executioner closely misses you.
The Executioner hits you but does no damage.
The cacodemon hits you but does no damage.
You block the cacodemon's attack.
Your shield discharges, shocking the cacodemon!
The cacodemon resists.
The glowing orange brain pulsates.
You are confused.
The cacodemon hits you but does no damage.
The cacodemon barely misses you. The cacodemon hits you. x2
A small abomination comes into view.
The golden eye blinks!
The small abomination moves out of view.
You feel much better.
The Executioner hits you but does no damage.
The Executioner hits you.
The Executioner hits you but does no damage. x4
The Executioner hits you.
The Executioner hits you but does no damage. x2
The cacodemon hits you but does no damage.
The cacodemon hits you!
The glowing orange brain pulsates.
The glowing orange brain radiates an aura of fear!
You are terrified of the glowing orange brain!
The cacodemon closely misses you. The cacodemon hits you.
The cacodemon barely misses you.
The cacodemon hits you but does no damage.
You feel much better.
You are no longer terrified.
The Executioner hits you but does no damage.
The Executioner hits you.
The Executioner hits you but does no damage.
The Executioner hits you. x4
The Executioner hits you but does no damage. x2
The cacodemon hits you but does no damage.
The cacodemon hits you! The cacodemon barely misses you. x2
The cacodemon misses you.
The cacodemon hits you but does no damage.
Unknown command.
You feel much better. The Executioner hits you!
The Executioner barely misses you.
The Executioner hits you but does no damage. x4
The Executioner hits you!!
The Executioner hits you but does no damage.
The Executioner barely misses you.
The cacodemon hits you but does no damage.
The cacodemon hits you!
* * * LOW HITPOINT WARNING * * *
The cacodemon hits you but does no damage. x2
The cacodemon barely misses you. The cacodemon hits you.
* * * LOW HITPOINT WARNING * * *
Unknown command.
You feel much better.
The Executioner hits you but does no damage. x2
The Executioner hits you. The Executioner barely misses you. x2
The Executioner hits you but does no damage. x2
The Executioner closely misses you. The Executioner hits you.
The cacodemon hits you but does no damage.
The cacodemon barely misses you. The cacodemon hits you.
The cacodemon completely misses you.
The cacodemon hits you but does no damage.
The cacodemon barely misses you.
Unknown command.
You feel better. You block the Executioner's attack.
The Executioner hits you but does no damage.
The Executioner hits you. You block the Executioner's attack.
The Executioner hits you. You block the Executioner's attack. x2
Your shield discharges, shocking the Executioner!
The Executioner resists.
The Executioner hits you but does no damage.
The Executioner barely misses you. The cacodemon barely misses you.
The cacodemon hits you! The cacodemon gestures at you.
You resist with almost no effort. The cacodemon gestures at you.
You resist with almost no effort.
Okay, then.
Press: ? - help, . - travel You can't see that place. [the floor.] Unknown command.
Unknown command.
You feel yourself speed up.
The Executioner hits you but does no damage.
You block the Executioner's attack.
The Executioner hits you but does no damage.
The Executioner hits you! You block the Executioner's attack.
Your shield discharges, shocking the Executioner!
The Executioner resists.
The Executioner hits you.
* * * LOW HITPOINT WARNING * * *
The Executioner hits you but does no damage.
You block the Executioner's attack.
Your shield discharges, shocking the Executioner!
The Executioner resists.
The Executioner hits you but does no damage.
The cacodemon hits you but does no damage.
The cacodemon hits you!
* * * LOW HITPOINT WARNING * * *
The cacodemon hits you!
* * * LOW HITPOINT WARNING * * *
The cacodemon barely misses you. The cacodemon hits you!
* * * LOW HITPOINT WARNING * * *
The cacodemon hits you!
You die...

Skill      XL: |  1  2  3  4  5  6  7  8  9 10 11 12 13 14 15 |
---------------+----------------------------------------------+-----
Fighting       | 4 5 6 7 8 9 10 11 12 13 | 13.0
Unarmed Combat | 4 5 6 8 9 10 11 13 14 15 17 | 17.7
Armour         | 1 2 3 5 6 8 9 |  9.1
Invocations    | 4 7 9 11 13 14 15 | 15.8
Evocations     | 2 3 5 6 |  6.0
Shields        | 3 7 10 12 | 12.6
Dodging        | 3 4 5 6 7 |  7.5

Action                     |  1- 3 |  4- 6 |  7- 9 | 10-12 | 13-15 || total
---------------------------+-------+-------+-------+-------+-------++-------
  Melee: Unarmed           |    54 |   275 |   254 |   411 |   719 ||  1713
  Throw: Dart              |       |       |    34 |     3 |       ||    37
 Invoke: Convert to Beogh  |       |     1 |       |       |       ||     1
         Smiting           |       |       |       |    15 |    20 ||    35
         Recall Orcish Fol |       |       |       |     3 |    10 ||    13
         Give Item to Name |       |       |       |       |     1 ||     1
         Stop Recall       |       |       |       |       |     3 ||     3
  Evoke: Wand              |       |       |     5 |       |       ||     5
    Use: Scroll            |     1 |       |       |    11 |    10 ||    22
         Potion            |       |       |     1 |     3 |    10 ||    14
   Stab: Distracted        |       |       |       |     4 |    10 ||    14
         Confused          |       |       |       |       |     2 ||     2
 Armour: Ring mail         |    23 |    96 |   128 |     2 |       ||   249
         Robe              |     1 |    50 |       |       |       ||    51
         Leather armour    |       |       |       |   232 |     7 ||   239
         Scale mail        |       |       |       |       |   132 ||   132
         Chain mail        |       |       |       |       |    56 ||    56
         Plate armour      |       |       |       |       |   146 ||   146
  Dodge: Dodged            |    28 |   116 |    96 |   153 |   137 ||   530
  Block: Orb               |       |       |    26 |    33 |       ||    59
         Reflection        |       |       |       |    25 |    14 ||    39
         Kite shield       |       |       |       |   141 |   659 ||   800
         Buckler           |       |       |       |     7 |       ||     7

Levels and vault maps discovered:
D:1:      minmay_arrival_radiant_lines, layout_loops_ring
D:2:      layout_basic, uniq_robin, uniq_jessica
D:3:      minmay_thinvault, layout_rooms, solitary_fountain
D:4:      layout_basic, minmay_temple_entry_offerings, minivault_27,
          uniq_eustachio
D:5:      layout_basic, riverfiend_overflow_shadow_ancestor
D:6:      layout_basic, nicolae_overflow_hidden_temple,
          nicolae_overflow_two_pavilions, mainiacjoe_overflow_chevrons,
          gammafunk_temple_overflow_wave, cheibrodos_sewer_entry_drain,
          nicolae_shop_i_like_big_books, ebering_dispersal_statue_hall,
          nicolae_half_adder
D:7:      layout_loops_ring, serial_aquarium, aquarium_bridge_long_separate
          [aquarium_subvault_bridge, aquarium_subvault_window,
          aquarium_subvault_wall, aquarium_subvault_window,
          aquarium_subvault_bridge, aquarium_subvault_bridge],
          aquarium_bridge_island_large [aquarium_subvault_large_water,
          aquarium_subvault_window, aquarium_subvault_bridge,
          aquarium_subvault_balcony, aquarium_subvault_wall], aquarium_window_1,
          aquarium_window_corridor_3, aquarium_view_2d, aquarium_view_2g,
          kennysheep_minor_cross, chequers_serial_rivers_micro_e, uniq_duvessa,
          uniq_maggie
D:8:      nzn_winding_woodlands_large [nzn_winding_woodlands_5x5_three,
          nzn_winding_woodlands_5x15_eye, nzn_winding_woodlands_5x5_default,
          nzn_winding_woodlands_center_garden,
          nzn_winding_woodlands_15x15_eel_pit,
          nzn_winding_woodlands_center_triple_pond,
          nzn_winding_woodlands_5x5_default,
          nzn_winding_woodlands_5x15_pathside_ponds,
          nzn_winding_woodlands_5x5_open_star], layout_loops_ring,
          old_standard_altar, mainiacjoe_overflow_alcove_1,
          mainiacjoe_overflow_concentric_impassable, serial_shops, shop,
          uniq_gastronok
D:9:      minmay_recursive_quarters, layout_loops_ring, enter_bailey_5,
          minmay_ruined_shrine
D:10:     layout_cave_pods, serial_column_ruins, column_ruins_open_tiny,
          column_ruins_open_small, column_ruins_open_tiny, uniq_fannar,
          uniq_lodul, uniq_harold
D:11:     layout_cave_pods
D:12:     layout_long_grid, orc_0_dummy, argonaut_gorgonesque
D:13:     layout_stronghold, grunt_vaults_entry_tiered
Lair:1:   layout_layer_cave, minmay_stone_trees_medium, minmay_lair_oklob_items,
          st_stairs_7, chequers_serial_rivers_micro_d, grunt_megastairs_4,
          lemuel_fruit_tree
Lair:2:   layout_cave_shapes, st_stairs_13, forest_entry_grove,
          grunt_megastairs_3
Lair:3:   layout_chaotic_city, nicolae_swamp_entry_splash_gauntlet,
          guppyfry_snake_entry_garden
Lair:4:   layout_regular_city
Lair:5:   minmay_lair_end_enchanted_forest, layout_cave_pods, slime_entry_1,
          portal_ice_cave_rime
Orc:1:    layout_caves, serial_shops, shop, shop, shop
Orc:2:    st_orc_open, layout_caves, enter_volcano_1, serial_shops, shop,
          uniq_donald
Abyss:3:  base: D:12, onia_ninara_dug_in_and_dangerous,
          hangedman_abyss_rune_macabre_mess, hangedman_abyss_or_decor_stagger

Notes
Turn   | Place    | Note
-------+----------+-------------------------------------------
     0 | D:1      | scionoferis the Hill Orc Monk began the quest for the Orb.
     0 | D:1      | Reached XP level 1. HP: 19/19 MP: 1/1
   352 | D:1      | Reached XP level 2. HP: 27/27 MP: 2/2
   620 | D:2      | Reached skill level 4 in Fighting
   711 | D:2      | Reached skill level 4 in Unarmed Combat
   711 | D:2      | Reached XP level 3. HP: 26/33 MP: 3/3
   853 | D:2      | Noticed Jessica
   867 | D:2      | Killed Jessica
   868 | D:2      | Reached XP level 4. HP: 29/41 MP: 4/4
  1318 | D:2      | Reached skill level 5 in Unarmed Combat
  1417 | D:2      | Noticed Robin
  1427 | D:2      | Killed Robin
  1702 | D:3      | Reached XP level 5. HP: 45/47 MP: 5/5
  1896 | D:3      | Reached skill level 5 in Fighting
  2606 | D:4      | Noticed Eustachio
  2762 | D:4      | Killed Eustachio
  2763 | D:4      | Reached skill level 1 in Armour
  2763 | D:4      | Reached skill level 6 in Unarmed Combat
  2763 | D:4      | Reached XP level 6. HP: 29/56 MP: 6/6
  2912 | D:4      | Found a staircase to the Ecumenical Temple.
  2972 | D:4      | Became a worshipper of Beogh the Brigand
  2972 | D:4      | Reached * piety under Beogh
  2972 | D:4      | Reached ** piety under Beogh
  3131 | D:4      | Reached skill level 2 in Armour
  3288 | D:4      | Reached XP level 7. HP: 62/62 MP: 7/7
  3430 | D:5      | Entered Level 5 of the Dungeon
  3536 | D:5      | Reached skill level 7 in Unarmed Combat
  3671 | D:5      | Reached skill level 6 in Fighting
  3910 | D:5      | Reached skill level 3 in Armour
  4181 | D:5      | Reached skill level 8 in Unarmed Combat
  4181 | D:5      | Reached XP level 8. HP: 56/71 MP: 8/8
  4316 | D:5      | Got a disorganized book
  4433 | D:5      | Reached skill level 7 in Fighting
  4436 | D:5      | Reached skill level 4 in Armour
  4514 | D:5      | Noticed a shadow
  4515 | D:5      | Found a shadowy altar of Dithmenos.
  4516 | D:5      | Found a hazy altar of Hepliaklqana.
  4699 | D:6      | Reached *** piety under Beogh
  4710 | D:6      | Reached skill level 1 in Invocations
  4711 | D:6      | Found a glowing drain.
  4741 | Sewer    | Entered a sewer
  4803 | Sewer    | Reached skill level 2 in Invocations
  4803 | Sewer    | Reached skill level 1 in Evocations
  5014 | D:6      | Found a broken altar of Ashenzari.
  5014 | D:6      | Found an iron altar of Okawaru.
  5119 | D:6      | Reached skill level 9 in Unarmed Combat
  5197 | D:6      | Found Geotoimiakh's Tremendous Tomes.
  5255 | D:6      | Reached skill level 3 in Invocations
  5273 | D:6      | Noticed a two-headed ogre
  5285 | D:6      | Killed a two-headed ogre
  5286 | D:6      | Reached skill level 5 in Armour
  5286 | D:6      | Reached skill level 4 in Invocations
  5286 | D:6      | Reached skill level 2 in Evocations
  5286 | D:6      | Reached XP level 9. HP: 67/81 MP: 10/12
  5291 | D:6      | Reached skill level 8 in Fighting
  5398 | D:6      | Reached skill level 5 in Invocations
  5734 | D:6      | Found a basalt altar of Yredelemnul.
  5875 | D:6      | Found an ornate altar of the Wu Jian Council.
  5932 | D:6      | Found a hide-covered altar of Uskayaw.
  5932 | D:6      | Found a blossoming altar of Fedhas.
  6170 | D:7      | Reached **** piety under Beogh
  6201 | D:7      | Reached skill level 10 in Unarmed Combat
  6277 | D:7      | Identified the +0 robe of the Ward {Rampage rN+ Stlth+}
  6328 | D:7      | Reached skill level 6 in Invocations
  6328 | D:7      | Reached skill level 3 in Evocations
  6399 | D:7      | Noticed Dowan
  6399 | D:7      | Noticed Duvessa
  6405 | D:7      | Killed Dowan
  6412 | D:7      | Killed Duvessa
  6652 | D:7      | Noticed Maggie
  6663 | D:7      | Killed Maggie
  6664 | D:7      | Reached skill level 7 in Invocations
  6664 | D:7      | Reached XP level 10. HP: 52/90 MP: 13/15
  7304 | D:8      | Identified 2 scrolls of acquirement
  7394 | D:8      | Found Zahexkyi's Jewellery Emporium.
  7588 | D:8      | Noticed a centaur warrior
  7596 | D:8      | Reached skill level 4 in Evocations
  7597 | D:8      | Reached skill level 11 in Unarmed Combat
  7597 | D:8      | Reached skill level 8 in Invocations
  7599 | D:8      | Noticed a brown ugly thing
  7602 | D:8      | Reached skill level 9 in Fighting
  7602 | D:8      | Noticed a deep elf pyromancer
  7607 | D:8      | Killed a centaur warrior
  7613 | D:8      | Gained Bogdan as an ally
  7614 | D:8      | Noticed a centaur warrior
  7622 | D:8      | Killed a brown ugly thing
  7623 | D:8      | Reached skill level 9 in Invocations
  7823 | D:8      | Found a glowing golden altar of the Shining One.
  7853 | D:8      | Noticed Gastronok
  7864 | D:8      | Killed Gastronok
  7865 | D:8      | Reached skill level 5 in Evocations
  7865 | D:8      | Reached XP level 11. HP: 97/97 MP: 14/18
  7929 | D:8      | Reached skill level 10 in Invocations
  7934 | D:8      | Reached skill level 12 in Unarmed Combat
  7934 | D:8      | Found a staircase to the Lair.
  8061 | D:8      | Reached ***** piety under Beogh
  8175 | D:8      | Killed a deep elf pyromancer
  8189 | D:8      | Killed a centaur warrior
  8682 | D:8      | Found a burning altar of Makhleb.
  8767 | D:8      | Found a shimmering blue altar of Sif Muna.
  9093 | D:9      | Found a flagged portal.
  9108 | Bailey   | Entered a bailey
  9139 | Bailey   | Noticed an orc warlord
  9174 | Bailey   | Reached skill level 10 in Fighting
  9388 | Bailey   | Found a runed translucent gate.
  9390 | Bailey   | Found a runed translucent gate.
  9391 | Bailey   | Found a runed translucent gate.
  9413 | Bailey   | Gained Syrus as an ally
  9458 | Bailey   | Identified the +5 battleaxe "Hutih" {freeze, rC+++ rN+}
  9697 | Bailey   | Killed an orc warlord
  9698 | Bailey   | Reached skill level 11 in Invocations
  9842 | D:9      | Found a hazy altar of Hepliaklqana.
  9875 | D:9      | Noticed a centaur warrior
  9890 | D:9      | HP: 6/99 [yak (9)]
  9894 | D:9      | Killed a centaur warrior
  9894 | D:9      | Gained Boruk as an ally
  9981 | D:9      | Your ally Boruk died
  9984 | D:9      | Your ally Syrus died
 10480 | D:9      | Identified the +6 chain mail "Piunkafo" {*Slow Int+4 Dex+3}
 10675 | D:9      | Reached skill level 6 in Evocations
 10757 | D:9      | Reached skill level 1 in Shields
 11132 | D:8      | Bought a ring of willpower for 275 gold pieces
 11171 | D:10     | Entered Level 10 of the Dungeon
 11288 | D:10     | Reached skill level 13 in Unarmed Combat
 11291 | D:10     | Reached skill level 2 in Shields
 11570 | D:10     | Noticed Fannar
 11580 | D:10     | Killed Fannar
 11581 | D:10     | Reached skill level 3 in Dodging
 11587 | D:10     | Noticed a two-headed ogre
 11593 | D:10     | Killed a two-headed ogre
 11594 | D:10     | Reached skill level 3 in Shields
 11594 | D:10     | Reached XP level 12. HP: 100/107 MP: 20/20
 11679 | D:10     | Noticed Harold
 11688 | D:10     | Killed Harold
 11689 | D:10     | Reached skill level 12 in Invocations
 11998 | D:10     | Noticed Lodul
 12001 | D:10     | Killed Lodul
 12002 | D:10     | Reached skill level 4 in Shields
 12729 | D:11     | Reached skill level 5 in Shields
 13290 | D:11     | Reached skill level 4 in Dodging
 13522 | D:12     | Reached skill level 6 in Shields
 13659 | D:12     | Found a staircase to the Orcish Mines.
 13684 | D:12     | Reached skill level 14 in Unarmed Combat
 14289 | D:12     | Noticed a catoblepas
 14297 | D:12     | Gained Boldo as an ally
 14298 | D:12     | Reached skill level 7 in Shields
 14315 | D:12     | Killed a catoblepas
 14316 | D:12     | Reached skill level 13 in Invocations
 14332 | D:12     | Reached XP level 13. HP: 33/114 MP: 22/22
 14800 | Lair:1   | Entered Level 1 of the Lair of Beasts
 15027 | Lair:1   | Reached skill level 5 in Dodging
 15144 | Lair:1   | Reached skill level 8 in Shields
 16552 | Lair:1   | Reached skill level 15 in Unarmed Combat
 16960 | Lair:2   | Reached skill level 9 in Shields
 17764 | Lair:3   | Reached skill level 6 in Armour
 17815 | Lair:3   | Reached skill level 14 in Invocations
 18027 | Lair:3   | Reached skill level 11 in Fighting
 18084 | Lair:3   | Found a staircase to the Snake Pit.
 18291 | Lair:3   | Reached skill level 10 in Shields
 18294 | Lair:3   | Found a staircase to the Swamp.
 18866 | Lair:3   | Gained Marbaugh as an ally
 19334 | Lair:4   | Reached XP level 14. HP: 120/124 MP: 24/24
 19934 | Lair:5   | Entered Level 5 of the Lair of Beasts
 19964 | Lair:5   | Reached skill level 16 in Unarmed Combat
 19997 | Lair:5   | Found a frozen archway.
 20002 | Lair:5   | Reached skill level 6 in Dodging
 20027 | IceCv    | Entered an ice cave
 20274 | IceCv    | Reached skill level 7 in Armour
 20441 | IceCv    | Reached skill level 11 in Shields
 20808 | IceCv    | Identified the +6 mace "Weibuh" {freeze, Int+3 Dex-5}
 20908 | Lair:5   | Found a staircase to the Slime Pits.
 21301 | Lair:5   | Reached skill level 12 in Fighting
 21872 | Lair:5   | Gained Blodwig as an ally
 21885 | Lair:5   | Reached ****** piety under Beogh
 21885 | Lair:5   | Gained Koronagh as an ally
 21906 | Lair:5   | Identified the ring "Ozxar" {rF- rC++ Will+}
 21967 | Lair:5   | Reached skill level 15 in Invocations
 22871 | Orc:1    | Entered Level 1 of the Orcish Mines
 22871 | Orc:1    | Found Ruoriab's Book Boutique.
 22909 | D:12     | Reached skill level 12 in Shields
 22974 | Orc:1    | Found Kowke's Weapon Boutique.
 23052 | Orc:1    | Reached skill level 8 in Armour
 23084 | Orc:1    | Found Gack's Armour Shoppe.
 23111 | Orc:1    | Gained Boruk as an ally
 23357 | Orc:2    | Entered Level 2 of the Orcish Mines
 23357 | Orc:2    | Found a dark tunnel.
 23363 | Orc:2    | Reached skill level 17 in Unarmed Combat
 23367 | Orc:2    | Noticed Donald
 23369 | Orc:2    | Killed Donald
 23370 | Orc:2    | Reached XP level 15. HP: 134/134 MP: 16/26
 23397 | Orc:2    | Your ally Koronagh died
 23402 | Orc:2    | Reached skill level 7 in Dodging
 23406 | Orc:2    | Your ally Blodwig died
 23411 | Orc:2    | Your ally Marbaugh died
 23412 | Orc:2    | Gained Ugbert as an ally
 23437 | Orc:2    | Your ally Boruk died
 23451 | Volcano  | Entered a volcano
 24010 | Orc:2    | Found a staircase to the Elven Halls.
 24045 | Orc:2    | Found Fipruank's Distillery.
 24125 | Orc:2    | Found Amyamm's Assorted Antiques.
 24141 | Orc:2    | Found Ruosoib's Distillery.
 24143 | Orc:2    | Found Esag's General Store.
 24174 | Orc:2    | Found Ypso Kew's Book Emporium.
 24292 | Orc:2    | Bought a potion of lignification for 45 gold pieces
 24327 | Orc:2    | Bought a scroll of identify for 54 gold pieces
 24327 | Orc:2    | Bought a scroll labelled YKLADUPS ETTU for 27 gold pieces
 24327 | Orc:2    | Bought a viscous amethyst potion for 24 gold pieces
 24339 | Orc:2    | Bought a potion of invisibility for 120 gold pieces
 24339 | Orc:2    | Bought a potion of enlightenment for 75 gold pieces
 24339 | Orc:2    | Bought a potion of heal wounds for 75 gold pieces
 24339 | Orc:2    | Bought a potion of resistance for 150 gold pieces
 24790 | D:8      | Acquired a manual of Invocations
 25703 | D:13     | Reached skill level 9 in Armour
 25746 | D:13     | Reached skill level 13 in Fighting
 25792 | D:13     | You are cast into the Abyss!
 25792 | Abyss:3  | Cast into level 3 of the Abyss (a wizard)
 25795 | Abyss:3  | Noticed an Executioner
 25806 | Abyss:3  | HP: 11/135 [cacodemon (10)]
 25806 | Abyss:3  | Slain by a cacodemon

Vanquished Creatures
  Donald (Orc:2)
  An orc warlord (Bailey)
  A fire dragon (Volcano)
  Fannar (D:10)
  2 hydras (Lair:2 Lair:5)
  A vault guard (D:13)
  An ogre mage (Orc:2)
  A catoblepas (Lair:4)
  3 two-headed ogres (D:6 Orc:1 Orc:2)
  2 centaur warriors (D:8 D:13)
  2 ironbound frosthearts (IceCv)
  3 death yaks (IceCv)
  A tengu warrior (D:12)
  Lodul (D:10)
  A bog body (Lair:3)
  5 lindwurms (Volcano)
  A necromancer (D:13)
  3 harpies (D:12)
  3 ugly things (D:8 IceCv D:12)
  A deep elf pyromancer (D:8)
  An oklob plant (Lair:1)
  4 cyclopes (D:12 Orc:1 Orc:2)
  2 black mambas (Lair:1)
  An ice statue (IceCv)
  4 smoke demons (Volcano)
  3 cane toads (D:8 Lair:2)
  4 rime drakes (Lair:2 Lair:5)
  Maggie (D:7)
  A kobold demonologist (D:9)
  2 unseen horrors (D:12)
  2 komodo dragons (Lair:2 Lair:5)
  A yaktaur (D:13)
  3 meliai (D:8 D:13 D:12)
  4 trolls (D:11 Orc:2)
  11 polar bears (Lair:2 IceCv)
  3 hornets (Lair:5)
  2 blink frogs (Lair:3 Lair:4)
  3 dream sheep (Lair:5)
  2 slime creatures (D:12)
  A wraith (D:13)
  13 spriggans (Lair:2 Lair:5)
  A shadow (D:12)
  3 wyverns (D:9 Lair:2 Lair:4)
  Eustachio (D:4)
  5 basilisks (D:8 D:9 D:12 Lair:3)
  28 yaks (D:8 D:9 D:10 D:11 D:12)
  13 humans (D:13)
  6 steam dragons (D:8 D:9 Volcano)
  4 vampire mosquitoes (D:10 D:11 D:12 D:13)
  2 nagas (Lair:3)
  3 acid dragons (D:9 D:10 D:12)
  3 wargs (Orc:2)
  13 water moccasins (D:5 D:6 Sewer D:8 Lair:1)
  A hell hound (Volcano)
  Duvessa (D:7)
  2 ice beasts (D:5 D:8)
  A sky beast (D:7)
  4 orc warriors (D:6 Bailey)
  6 black bears (D:5 D:6 Lair:5)
  4 boggarts (Lair:5)
  46 wolves (Lair:1 Lair:2 Lair:4 Lair:3 IceCv)
  14 centaurs (D:8 D:9 D:11 D:12)
  5 ogres (Orc:1 Orc:2)
  3 bullfrogs (Lair:1 Lair:2)
  A gnoll sergeant (D:9)
  3 scorpions (D:5 D:6)
  8 wights (D:7 D:8)
  5 killer bees (D:8)
  6 howler monkeys (D:8 D:9)
  4 electric eels (D:8 Lair:3)
  4 hounds (D:5 D:6 D:7)
  A jelly (D:5)
  A gnoll bouda (D:9)
  7 orc priests (D:5 Orc:1 Orc:2)
  2 sleepcaps (D:5 D:8)
  Jessica (D:2)
  3 hell rats (Lair:4)
  2 iguanas (D:4 D:7)
  14 orc wizards (D:4 D:5 D:6 D:7 D:8)
  Robin (D:2)
  5 gnolls (Bailey D:9)
  19 adders (D:2 D:3 D:4 D:5 D:6)
  2 white imps (D:6 D:8)
  An ufetubus (D:7)
  3 worms (D:3 D:5)
  4 dart slugs (D:2 D:3 D:5)
  35 orcs (D:3 D:4 D:5 D:6 D:7)
  4 endoplasms (D:2 D:3 D:4)
  5 giant cockroaches (D:1 D:2 D:3 D:6)
  12 hobgoblins (D:1 D:2 D:3 D:4 Bailey)
  3 jackals (D:3)
  5 quokkas (D:2 D:3)
  7 ball pythons (D:3 D:4 D:6)
  14 bats (D:1 D:2 D:3 Sewer)
  6 frilled lizards (D:1 D:3)
  26 goblins (D:1 D:2 D:3 D:4 D:9)
  16 kobolds (D:1 D:2 D:3 D:4 D:8)
  7 rats (D:1 D:2 D:3)
509 creatures vanquished.

Vanquished Creatures (collateral kills)
  Gastronok (D:8)
  A hydra (Lair:5)
  Harold (D:10)
  An ogre mage (Orc:2)
  2 catoblepae (D:12 Lair:3)
  2 centaur warriors (D:8 D:9)
  8 two-headed ogres (D:10 Orc:2)
  2 boulder beetles (Lair:4 Lair:5)
  9 death yaks (Lair:2 Lair:5)
  2 deep trolls (Orc:2)
  A skyshark (Lair:4)
  2 slime creatures (D:12)
  2 bog bodies (Lair:3)
  A manticore (D:12)
  3 cyclopes (D:11 Orc:2)
  4 elephants (Lair:1 Lair:3)
  A black mamba (Lair:2)
  A gargoyle (D:12)
  5 cane toads (Lair:1 Lair:2 Lair:4 Lair:5)
  2 komodo dragons (Lair:1 Lair:4)
  An unseen horror (D:12)
  A freezing wraith (D:9)
  A meliai (D:12)
  6 trolls (D:12 Orc:1 Orc:2)
  3 polar bears (Lair:2 Lair:4)
  6 blink frogs (Lair:3 Lair:4)
  2 spriggans (Lair:5)
  25 yaks (D:9 D:10 D:11 D:12 Lair:3)
  A wraith (D:10)
  A wyvern (D:11)
  A vampire (D:9)
  6 basilisks (D:12 Lair:2 Lair:3)
  3 vampire mosquitoes (D:10 D:11)
  A swamp worm (Lair:3)
  A warg (D:12)
  A naga (Lair:3)
  4 water moccasins (D:6 Lair:2 Lair:4 Lair:5)
  4 orc warriors (D:10 Orc:2)
  A sky beast (D:8)
  An ice beast (D:8)
  3 black bears (Lair:2 Lair:5)
  21 ogres (D:10 Orc:1 Orc:2)
  12 wolves (Lair:1 Lair:2 Lair:3 Lair:4 Lair:5)
  A centaur (D:8)
  3 kobold brigands (D:8)
  9 bullfrogs (D:7 D:8 D:9 Lair:1 Lair:2)
  5 wights (D:7 D:8)
  Dowan (D:7)
  An orc priest (Orc:2)
  A jelly (D:8)
  A sleepcap (D:8)
  3 orc wizards (D:8 D:11 Orc:2)
  4 hell rats (Lair:4)
  9 orcs (D:7 D:9 D:10 D:11 D:12)
  A goblin (D:9)
  4 kobolds (D:8)
200 creatures vanquished.

Vanquished Creatures (others)
  An orc high priest (Orc:2)
  An orc sorcerer (Orc:2)
  4 orc knights (D:9 Orc:2)
  6 orc warriors (D:7 D:8 D:9 Orc:2)
  4 orc wizards (D:9 D:12 Lair:5 Orc:2)
  6 orc priests (D:7 D:10 Orc:1 Orc:2 Volcano)
  31 orcs (D:6 D:7 D:8 D:9 D:10)
  A kobold (D:8)
54 creatures vanquished.

Grand Total: 763 creatures vanquished

Table legend: (Time is in decaauts)
 A = Elapsed time spent in this place.
 B = Non-inter-level travel time spent in this place.
 C = Inter-level travel time spent in this place.
 D = Time resting spent in this place.
 E = Time spent auto-exploring this place.
 F = Levels seen in this place.
 G = Mean time per level.
                   A        B        C        D        E       F      G
               +--------+--------+--------+--------+--------+-----+--------+
         Total |  25572 |  23343 |   2229 |   3751 |  10808 |  25 | 1022.9 |
       Dungeon |  15289 |  13916 |   1373 |   2491 |   7252 |  13 | 1176.1 |
          Lair |   6915 |   6081 |    834 |    635 |   2620 |   5 | 1383.0 |
  Orcish Mines |   1150 |   1129 |     21 |      0 |    713 |   2 |  575.0 |
         Abyss |     12 |     12 |      0 |      0 |      0 |   1 |   12.0 |
         Sewer |    182 |    182 |      0 |     70 |     36 |   1 |  182.0 |
        Bailey |    704 |    704 |      0 |    157 |    187 |   1 |  704.0 |
      Ice Cave |    775 |    775 |      0 |    203 |      0 |   1 |  775.0 |
       Volcano |    541 |    541 |      0 |    195 |      0 |   1 |  541.0 |
               +--------+--------+--------+--------+--------+-----+--------+

Top non-repeatable levels by time:
     D:8: 2221 daAuts
  Lair:1: 1762 daAuts
    D:12: 1697 daAuts
  Lair:5: 1609 daAuts
     D:9: 1399 daAuts
    D:10: 1381 daAuts
     D:7: 1298 daAuts
  Lair:4: 1200 daAuts
     D:6: 1199 daAuts
  Lair:3: 1173 daAuts
  Lair:2: 1169 daAuts
     D:4: 1145 daAuts
     D:2: 1022 daAuts
     D:5: 956 daAuts
     D:3: 931 daAuts

Table legend:
 A = Non-vault XP
 B = Vault XP
 C = Vault XP percentage of total XP
 D = Non-vault monster count
 E = Vault monster count
 F = Vault count percentage of total count
                 A         B        C        D         E       F
            +---------+---------+-------+---------+---------+-------
      Total |   46526 |   65556 |  58.5 |     368 |     340 |  48.0
            +---------+---------+-------+---------+---------+-------
        D:1 |      15 |       0 |   0.0 |      11 |       0 |   0.0
        D:2 |      58 |      74 |  56.1 |      13 |      14 |  51.9
        D:3 |      73 |      49 |  40.2 |      25 |      18 |  41.9
        D:4 |     171 |     203 |  54.3 |      25 |       1 |   3.8
        D:5 |     979 |       0 |   0.0 |      23 |       0 |   0.0
        D:6 |    1676 |      76 |   4.3 |      14 |       9 |  39.1
        D:7 |     746 |     548 |  42.3 |      18 |       3 |  14.3
        D:8 |    1602 |    5405 |  77.1 |      28 |      26 |  48.1
        D:9 |     751 |    2739 |  78.5 |      13 |      20 |  60.6
       D:10 |    2315 |    2499 |  51.9 |      15 |      11 |  42.3
       D:11 |    3037 |       0 |   0.0 |      20 |       0 |   0.0
       D:12 |    6451 |    3205 |  33.2 |      30 |       7 |  18.9
       D:13 |    1507 |    4350 |  74.3 |       4 |      16 |  80.0
     Lair:1 |    1520 |    2046 |  57.4 |       8 |      12 |  60.0
     Lair:2 |    6913 |    1383 |  16.7 |      23 |      10 |  30.3
     Lair:3 |    4719 |    2407 |  33.8 |      27 |       8 |  22.9
     Lair:4 |    5540 |     215 |   3.7 |      31 |       2 |   6.1
     Lair:5 |    5461 |    8210 |  60.1 |      15 |      48 |  76.2
      Orc:1 |    1323 |     688 |  34.2 |       6 |       4 |  40.0
      Orc:2 |    1669 |   10373 |  86.1 |      19 |      34 |  64.2
      Sewer |       0 |     154 | 100.0 |       0 |      10 | 100.0
     Bailey |       0 |    1568 | 100.0 |       0 |      24 | 100.0
      IceCv |       0 |   12980 | 100.0 |       0 |      49 | 100.0
    Volcano |       0 |    6384 | 100.0 |       0 |      14 | 100.0
            +---------+---------+-------+---------+---------+-------
